[Event "*** Titled Tuesday Blitz"]
[Site "Chess.com"]
[Date "2020.05.19"]
[Round "1"]
[White "Unknown_IM"]
[Black "Xeniya2005"]
[Result "0-1"]
[WhiteElo "2545"]
[BlackElo "2279"]
[TimeControl "180+1"]
[EndTime "12:06:04 PDT"]
[Termination "Xeniya2005 won by resignation"]

1. e4 e6 2. d4 d5 3. Nd2 c5 4. dxc5 Bxc5 5. Bd3 Nc6 6. Ngf3 Nge7 7. c3 h6 8. O-O O-O 9. Qe2 b6 10. e5 Bb7 11. b4 Bxb4 12. cxb4 Nxb4 13. Bb1 Ba6 14. Qe3 Bxf1 15. Nxf1 Rc8 16. Ng3 Qc7 17. Ba3 a5 18. Nh5 Qc3 19. Nf6+ Kh8 20. Qxc3 Rxc3 21. Bb2 Rc7 22. Ng4 Rfc8 23. h4 Nf5 24. Bxf5 exf5 25. Ne3 Nc2 26. Nxc2 Rxc2 27. Bd4 b5 28. Kh2 b4 29.
Rb1 Rxa2 30. Be3 Rc4 31. Nd4 f4 32. Bxf4 Rxd4 33. Be3 Re4 0-1

[Event "*** Titled Tuesday Blitz"]
[Site "Chess.com"]
[Date "2020.05.19"]
[Round "1"]
[White "stoleriu"]
[Black "fridaywins"]
[Result "1-0"]
[WhiteElo "2554"]
[BlackElo "2246"]
[TimeControl "180+1"]
[EndTime "12:06:05 PDT"]
[Termination "stoleriu won by resignation"]

1. e4 e5 2. Nf3 Nc6 3. Bb5 a6 4. Ba4 Nf6 5. d3 b5 6. Bb3 Be7 7. O-O O-O 8. Re1 d6 9. c3 Na5 10. Bc2 c5 11. Nbd2 Nd7 12. Nf1 Nb6 13. Ng3 Nc6 14. h3 a5 15. Nh2 b4 16. Qf3 a4 17. a3 b3 18. Bd1 Bg5 19. Bxg5 Qxg5 20. Ngf1 Ba6 21. Be2 Qf4 22. Ne3 Qxf3 23. Nxf3 g6 24.
Rad1 Kg7 25. Nc4 Bxc4 26. dxc4 Rfd8 27. Bd3 Na5 28. Nd2 Ra7 29. Re3 Re7 30. Rf3 Rf8 31.
Re1 f6 32. Kh2 Ref7 33. g4 h5 34. gxh5 gxh5 35. Rg1+ Kh7 36. Rf5 Kh6 37. Be2 1-0

[Event "*** Titled Tuesday Blitz"]
[Site "Chess.com"]
[Date "2020.05.19"]
[Round "1"]
[White "RichardShtivelband"]
[Black "Hasangatin_Ramil"]
[Result "0-1"]
[WhiteElo "2282"]
[BlackElo "2576"]
[TimeControl "180+1"]
[EndTime "12:06:06 PDT"]
[Termination "Hasangatin_Ramil won by checkmate"]

1. e4 d5 2. exd5 Qxd5 3. Nc3 Qd6 4. d4 Nf6 5. Bc4 c6 6. h3 Bf5 7. Nf3 Nbd7 8. O-O e6 9. Re1 Be7 10. Bg5 O-O 11. Qe2 h6 12. Bh4 Qc7 13. Rad1 Rad8 14.
Ne5 Nxe5 15. dxe5 Nd5 16. Nxd5 cxd5 17. Bxe7 Qxe7 18. Bd3 Bxd3 19. cxd3 Rc8 20. Rc1 Qb4 21. a3 Qb5 22. Qd2 d4 23. f4 g6 24. Kf2 h5 25. g4 hxg4 26. hxg4 Kg7 27. Rh1 Rxc1 28. Rxc1 Rh8 29. Kg3 Qd5 30. Qg2 Qb3 31. Qe2 b5 32. Rc7 a5 33. f5 gxf5 34. gxf5 exf5 35. e6 Qd5 36. Rxf7+ Kg6 37. Rd7 f4+ 38. Kxf4 Rh4+ 39. Kg3 Qg5+ 40. Kf3 Rf4# 0-1

[Event "*** Titled Tuesday Blitz"]
[Site "Chess.com"]
[Date "2020.05.19"]
[Round "1"]
[White "Playgood28"]
[Black "vpantev"]
[Result "1-0"]
[WhiteElo "2282"]
[BlackElo "2547"]
[TimeControl "180+1"]
[EndTime "12:06:06 PDT"]
[Termination "Playgood28 won by resignation"]

1. d4 Nf6 2. c4 e6 3. Nc3 Bb4 4. Qc2 O-O 5. a3 Bxc3+ 6. Qxc3 Qe8 7. Nf3 d6 8. e3 a5 9. b3 Ne4 10. Qc2 f5 11. Be2 Nd7 12. O-O Ndf6 13. Nd2 Nxd2 14. Qxd2 b6 15. f3 Bb7 16. Bb2 Qg6 17. Bd3 Rad8 18.
b4 Ra8 19. Bc3 axb4 20. axb4 Qf7 21. Rxa8 Rxa8 22. Ra1 Qe8 23. Qb2 Rxa1+ 24. Qxa1 Qa8 25. Qxa8+ Bxa8 26. Kf2 Kf7 27. b5 Bb7 28. Bb4 Nd7 29. g3 g6 30. h4 e5 31. Bc3 Ke6 32. Bc2 Ke7 33. Bb3 Kf6 34. Bc2 Bc8 35. Bb3 Ke7 36. Bb4 Bb7 37. Bc2 Kf6 38. Bc3 h6 39. Bb3 g5 40.
hxg5+ hxg5 41. Bd1 e4 42. g4 exf3 43. Bxf3 Bxf3 44.
Kxf3 fxg4+ 45. Kxg4 Kg6 46. e4 Nf6+ 47. Kf3 Kh5 48.
e5 dxe5 49. dxe5 Ng8 50. e6 Kg6 51. Be5 Kf5 52. Bxc7 Kxe6 53. Bxb6 Nf6 54. Be3 Kd7 55. Bxg5 Ne8 56. Bf4 Ke6 57. Ke4 Nf6+ 58. Kd4 Nh5 59.
Be5 Kd7 1-0

[Event "*** Titled Tuesday Blitz"]
[Site "Chess.com"]
[Date "2020.05.19"]
[Round "1"]
[White "carvillshill"]
[Black "hongnhung1234"]
[Result "1-0"]
[WhiteElo "2535"]
[BlackElo "2213"]
[TimeControl "180+1"]
[EndTime "12:06:06 PDT"]
[Termination "carvillshill won by resignation"]

1. d4 f5 2. Bg5 g6 3. Nd2 Bg7 4. e4 d6 5. Ngf3 Nf6 6. exf5 Bxf5 7. Bc4 d5 8. Bb3 c5 9. c4 Nc6 10. cxd5 Nxd5 11. O-O cxd4 12. Rc1 Qd7 13. Rc5 e6 14. Bxd5 exd5 15. Re1+ Kf7 16. Qb3 Be6 17. Bf4 Rhe8 18. Ng5+ Kg8 19. Nxe6 Rxe6 20. Rxe6 Qxe6 21. Qxb7 Qe1+ 22.
Nf1 Rf8 23. Bg3 Nb4 24. Rc7 Be5 25. Re7 Nd3 26. Qxd5+ Kh8 27. Bxe5+ 1-0

[Event "*** Titled Tuesday Blitz"]
[Site "Chess.com"]
[Date "2020.05.19"]
[Round "1"]
[White "nihalsarin"]
[Black "heartofatiger"]
[Result "1-0"]
[WhiteElo "3019"]
[BlackElo "2460"]
[TimeControl "180+1"]
[EndTime "12:06:07 PDT"]
[Termination "nihalsarin won by resignation"]

1. e4 c5 2. Nf3 d6 3. Nc3 a6 4. g3 g6 5. Bg2 Bg7 6. d4 cxd4 7. Nxd4 Bd7 8. O-O Nc6 9. Be3 Nf6 10. h3 O-O 11. Re1 Ne5 12. b3 Rc8 13. Nd5 Re8 14. Qd2 Be6 15. c4 Bxd5 16. exd5 Ned7 17. Rad1 Nc5 18. Bh6 Bh8 19. h4 Qb6 20. Re2 Rcd8 21. Rde1 Ng4 22. Bg5 Nd7 23. Nf3 Nde5 24. Nxe5 Bxe5 25.
Bf3 Nf6 26. Kg2 h5 27. Rxe5 dxe5 28. Rxe5 Qd6 29. Qe3 Rd7 30. c5 Qc7 31. Bxf6 1-0

[Event "*** Titled Tuesday Blitz"]
[Site "Chess.com"]
[Date "2020.05.19"]
[Round "1"]
[White "Sam_ChessMood"]
[Black "vova-79"]
[Result "1-0"]
[WhiteElo "2881"]
[BlackElo "2445"]
[TimeControl "180+1"]
[EndTime "12:06:08 PDT"]
[Termination "Sam_ChessMood won by resignation"]

1. e4 e6 2. d4 d5 3. Nc3 dxe4 4. Nxe4 Nd7 5. Nf3 Ngf6 6. Nxf6+ Nxf6 7. Bg5 h6 8. Be3 Bd6 9. Bd3 O-O 10. Qe2 b6 11.
O-O-O Bb7 12. Kb1 Qe7 13. Rhg1 c5 14. g4 cxd4 15. Bxd4 Nd5 16. g5 Nf4 17. gxh6 g6 18.
Qe3 Bxf3 19. Qxf3 Kh7 20. h4 e5 21. Bc3 Nxd3 22. Qxd3 Rad8 23. h5 Qe6 24. Qe4 Rg8 25.
a4 f5 26. hxg6+ Rxg6 27. Rxg6 Kxg6 28. Qg2+ 1-0

[Event "*** Titled Tuesday Blitz"]
[Site "Chess.com"]
[Date "2020.05.19"]
[Round "1"]
[White "CarlosAlbornoz"]
[Black "crazy_but_lazy"]
[Result "1-0"]
[WhiteElo "2674"]
[BlackElo "2359"]
[TimeControl "180+1"]
[EndTime "12:06:08 PDT"]
[Termination "CarlosAlbornoz won by resignation"]

1. e4 c5 2. Nf3 d6 3. d4 cxd4 4. Nxd4 Nf6 5. Nc3 a6 6. h4 e5 7. Nb3 Be6 8. f4 exf4 9. Bxf4 Nc6 10. Qd2 Be7 11. O-O-O Ne5 12. Nd4 Qc7 13. g3 Bg4 14. Be2 O-O 15. Bxg4 Nexg4 16. Nf5 Rfd8 17. h5 Ne5 18. Bxe5 dxe5 19. Qg5 Bf8 20. h6 Ne8 21.
hxg7 Bxg7 22. Nd5 Qa5 23. Nxg7 Nxg7 24. Nf6+ Kf8 25. Nxh7+ Kg8 26. Nf6+ Kf8 27. Rh8+ Ke7 28. Nd5+ Kd6 29. Rxd8+ Rxd8 30. Qe7+ Kc6 31. Nb4+ Kb5 32. Rxd8 Qxb4 33. Rd5+ Ka4 34. b3+ Ka3 1-0

[Event "*** Titled Tuesday Blitz"]
[Site "Chess.com"]
[Date "2020.05.19"]
[Round "1"]
[White "rdclayton"]
[Black "12teen"]
[Result "0-1"]
[WhiteElo "2400"]
[BlackElo "2748"]
[TimeControl "180+1"]
[EndTime "12:06:12 PDT"]
[Termination "12teen won by checkmate"]

1. e4 a6 2. d4 b5 3. a4 Bb7 4.
Bd3 e6 5. f3 d5 6. exd5 Bxd5 7.
axb5 Bd6 8. Ne2 Qh4+ 9. g3 Qh3 10. Bf4 Bxf3 11. Rf1 Bb7 12. Rf2 Nf6 13. Bxd6 cxd6 14. bxa6 Nxa6 15. Nf4 Qh6 16. Bb5+ Ke7 17. Nc3 Nb4 18.
Rxa8 Rxa8 19. d5 Nbxd5 20. Ncxd5+ Nxd5 21. Nxd5+ Bxd5 22. c4 Qe3+ 23. Kf1 Be4 24. b4 Ra3 25. c5 d5 26. Re2 Qf3+ 27. Ke1 Qc3+ 28. Qd2 Ra1+ 29.
Kf2 Qf3# 0-1

[Event "*** Titled Tuesday Blitz"]
[Site "Chess.com"]
[Date "2020.05.19"]
[Round "1"]
[White "vugarrasulov"]
[Black "Treacherous_horse64"]
[Result "1-0"]
[WhiteElo "2823"]
[BlackElo "2424"]
[TimeControl "180+1"]
[EndTime "12:06:14 PDT"]
[Termination "vugarrasulov won on time"]

1. e4 c6 2. d4 d5 3. e5 Bf5 4. h4 h5 5. c4 Na6 6. a3 dxc4 7. Bxc4 e6 8. Nc3 Ne7 9. Nge2 Nc7 10. Ng3 Bg6 11. Nge4 Nf5 12. Bg5 Be7 13. Qd2 Qd7 14. O-O-O O-O-O 15. Nc5 Bxc5 16. Bxd8 Qxd4 17. Qxd4 Bxd4 18.
Bxc7 Kxc7 19. Rd2 Bxe5 20. Ne2 Nd6 21. Bd3 Nf5 22. g3 b5 23. Rhd1 a5 24. Bxf5 Bxf5 25. Rd7+ Kb6 26. Rxf7 b4 27. a4 Kc5 28. Ra7 Kc4 29. Rxa5 b3 30. Rxe5 1-0

[Event "*** Titled Tuesday Blitz"]
[Site "Chess.com"]
[Date "2020.05.19"]
[Round "1"]
[White "hermionegrangermagic"]
[Black "SameerMujumdar"]
[Result "1-0"]
[WhiteElo "2551"]
[BlackElo "2242"]
[TimeControl "180+1"]
[EndTime "12:06:14 PDT"]
[Termination "hermionegrangermagic won by resignation"]

1. e4 c5 2. Nf3 e6 3. d4 cxd4 4. Nxd4 a6 5. Nc3 Qc7 6. Be2 Nf6 7. O-O b5 8. Bf3 Nc6 9. g3 Bb7 10. Be3 Ne5 11. Bg2 Nc4 12. Bc1 d6 13. b3 Nb6 14.
Bb2 Be7 15. a3 O-O 16. Kh1 Rac8 17. Qe2 Rfe8 18. f4 Qb8 19. g4 Qa8 20. g5 Nfd7 21. Rae1 Nc5 22. f5 Bxg5 23. Qg4 Bd2 24. fxe6 fxe6 25.
Ncxb5 e5 26. Nf5 g6 27. Nbxd6 Bxe1 28. Nh6+ Kh8 29. Ndf7+ Kg7 30. Nxe5 Bc3 31. Rf7+ Kh8 32. Nxg6+ hxg6 33. Bxc3+ 1-0

[Event "*** Titled Tuesday Blitz"]
[Site "Chess.com"]
[Date "2020.05.19"]
[Round "1"]
[White "JuliaEfremova"]
[Black "shrek4life02"]
[Result "0-1"]
[WhiteElo "2081"]
[BlackElo "2499"]
[TimeControl "180+1"]
[EndTime "12:06:14 PDT"]
[Termination "shrek4life02 won by resignation"]

1. d4 Nf6 2. Bf4 d6 3. e3 c5 4. c3 Qb6 5. Qb3 Be6 6. Qxb6 axb6 7. a3 Nc6 8. Nd2 h6 9. Ngf3 g5 10. Bg3 Bg7 11. Bd3 O-O 12. O-O Na5 13. e4 Nh5 14.
d5 Nxg3 15. fxg3 Bd7 16. b4 Bxc3 17. bxa5 Bxa1 18. Rxa1 Rxa5 19. Nc4 Ra6 20. e5 b5 21. Ne3 g4 22. Nh4 dxe5 23. Nhf5 Bxf5 24. Nxf5 c4 25.
Nxe7+ Kg7 26. Nf5+ Kh8 27. Be4 b4 28. a4 b5 29. a5 b3 30. d6 Rd8 31. Nxh6 Kg7 32. Nf5+ Kf8 33. Rf1 b2 34. Nh6 Rd7 35. Nxg4 Rdxd6 36. Nxe5 f6 37. Ng6+ Kg7 38. Nf4 Rxa5 39. Bb1 c3 40. h4 Ra1 41. h5 Rxb1 42. Rxb1 c2 0-1

[Event "*** Titled Tuesday Blitz"]
[Site "Chess.com"]
[Date "2020.05.19"]
[Round "1"]
[White "jefferyx"]
[Black "Kavyev_Ruslan"]
[Result "1-0"]
[WhiteElo "2944"]
[BlackElo "2456"]
[TimeControl "180+1"]
[EndTime "12:06:16 PDT"]
[Termination "jefferyx won by resignation"]

1. d4 Nf6 2. c4 g6 3. Nc3 d5 4.
Nf3 Bg7 5. Bf4 O-O 6. Rc1 c5 7.
dxc5 Qa5 8. cxd5 Rd8 9. Qd2 Na6 10. e4 Nxc5 11. Be2 b6 12. Nd4 Bb7 13. f3 e6 14.
Nc2 Na6 15. a3 b5 16. d6 b4 17. Nb5 Nh5 18. axb4 Qa2 19. Bg5 Rd7 20. O-O Qxb2 21. g4 Nf6 22. Rb1 Qe5 23. Bf4 Nxe4 24. fxe4 Qxe4 25.
Bf3 Qc4 26. Nca3 Qc8 27. Rbc1 Qd8 28. Bxb7 Rxb7 29. Nc7 Nxc7 30. dxc7 Bd4+ 31. Kh1 Qd5+ 32. Qg2 Qxg2+ 33. Kxg2 Rc8 34. Rfd1 Bb6 35. Nb5 a6 36. Nd6 Rbxc7 37. Nxc8 1-0

[Event "*** Titled Tuesday Blitz"]
[Site "Chess.com"]
[Date "2020.05.19"]
[Round "1"]
[White "alenee"]
[Black "Evgeny81"]
[Result "0-1"]
[WhiteElo "2388"]
[BlackElo "2732"]
[TimeControl "180+1"]
[EndTime "12:06:16 PDT"]
[Termination "Evgeny81 won on time"]

1. e4 e6 2. d4 d5 3. exd5 exd5 4.
Nf3 Nc6 5. Bd3 Bg4 6. c3 Qd7 7. O-O O-O-O 8. b4 Bd6 9. Nbd2 Nf6 10. a4 h5 11. a5 h4 12. b5 Ne7 13. b6 a6 14. Qb3 Ng6 15. c4 c6 16. Bxg6 fxg6 17. cxd5 Nxd5 18. Ne4 h3 19. g3 Rdf8 20. Ne5 Bxe5 21. dxe5 Rf3 22. Qc4 Kb8 23. Bg5 Qf5 24. Rad1 Ra3 0-1

[Event "*** Titled Tuesday Blitz"]
[Site "Chess.com"]
[Date "2020.05.19"]
[Round "1"]
[White "santosalberto1987"]
[Black "Firouzja2003"]
[Result "0-1"]
[WhiteElo "2462"]
[BlackElo "3170"]
[TimeControl "180+1"]
[EndTime "12:06:18 PDT"]
[Termination "Firouzja2003 won on time"]

1. e4 c5 2. Nf3 d6 3. Bb5+ Nd7 4. O-O a6 5. Bd3 Ngf6 6. c3 b5 7. Bc2 Bb7 8. Re1 e6 9. d4 cxd4 10. cxd4 Be7 11. a3 O-O 12. Nc3 Nb6 13. Bg5 h6 14. Bh4 Rc8 15. Qe2 Nh5 16. Bg3 Nxg3 17. hxg3 Nc4 18. Bd3 Qb6 19. Rac1 Bf6 20. Na2 Bxd4 21. Bxc4 bxc4 22. Nxd4 Qxd4 23. Red1 Qxe4 24. Qxe4 Bxe4 25. Rxd6 a5 26. Rcd1 Bd3 27. Nc3 Rb8 28. Rd2 Rb3 29. Ra6 Rfb8 30. Na4 c3 31. Rxd3 c2 32. Rc6 Rxd3 33.
Rxc2 Rd4 34. Nc3 Rc8 35. Re2 Rc5 36. f3 h5 37. Kf2 g5 38. Ne4 Rb5 39. Nf6+ Kg7 40.
Nxh5+ Kg6 41. g4 Rd1 42. Ng3 Rb1 43. b4 a4 44. Re3 Rb2+ 45. Kg1 Ra2 46. Ne4 Re5 47.
Rc3 f5 48. gxf5+ exf5 49. Nc5 Ree2 50. Nxa4 Rxg2+ 51. Kf1 Rh2 52. Kg1 Rhd2 53. Rc1 Rg2+ 0-1

[Event "*** Titled Tuesday Blitz"]
[Site "Chess.com"]
[Date "2020.05.19"]
[Round "1"]
[White "Alopekos"]
[Black "LiemLe"]
[Result "0-1"]
[WhiteElo "2457"]
[BlackElo "2970"]
[TimeControl "180+1"]
[EndTime "12:06:18 PDT"]
[Termination "LiemLe won on time"]

1. e4 e5 2. Nf3 Nc6 3. Bb5 a6 4. Ba4 Nf6 5. O-O Bc5 6. Nxe5 Nxe5 7. d4 b5 8. dxe5 Nxe4 9. Bb3 O-O 10. Bd5 Nxf2 11.
Rxf2 c6 12. Bb3 d5 13. exd6 Be6 14. Nc3 Qh4 15. Qf1 Rae8 16. g3 Qh5 17. Ne2 Bh3 18. Nf4 Bxf2+ 0-1

[Event "*** Titled Tuesday Blitz"]
[Site "Chess.com"]
[Date "2020.05.19"]
[Round "1"]
[White "enzovsky"]
[Black "MarcoRiehle"]
[Result "0-1"]
[WhiteElo "2330"]
[BlackElo "2630"]
[TimeControl "180+1"]
[EndTime "12:06:18 PDT"]
[Termination "MarcoRiehle won by checkmate"]

1. d4 d5 2. c4 e6 3. Nc3 c5 4.
cxd5 cxd4 5. Qa4+ Bd7 6. Qxd4 exd5 7. Qxd5 Nf6 8. Qd1 Nc6 9. Nf3 Bc5 10. e3 Qe7 11. Bd3 O-O-O 12. Qe2 g5 13. O-O g4 14.
Nd4 Rhg8 15. Nb3 Bd6 16. e4 Ne5 17. Be3 Nf3+ 18. Kh1 Nxh2 19. Bxa7 Nh5 20. Nb5 Nxf1 21. Kg1 Bxb5 22. Bxb5 Bc7 23. Rc1 Qd6 24. Kxf1 Qh2 25.
Qc4 Qh1+ 26. Ke2 Nf4+ 27. Ke3 Nxg2+ 28. Ke2 Nf4+ 29. Ke3 Qf3# 0-1

[Event "*** Titled Tuesday Blitz"]
[Site "Chess.com"]
[Date "2020.05.19"]
[Round "1"]
[White "andriipalchuk"]
[Black "realmadridtv"]
[Result "0-1"]
[WhiteElo "1889"]
[BlackElo "2471"]
[TimeControl "180+1"]
[EndTime "12:06:18 PDT"]
[Termination "realmadridtv won by checkmate"]

1. e4 c5 2. Nf3 d6 3. Bb5+ Bd7 4. Bxd7+ Nxd7 5. O-O Ngf6 6. Re1 g6 7. c4 Bg7 8. Nc3 Ne5 9. d4 Nxf3+ 10. gxf3 cxd4 11.
Qxd4 O-O 12. Qd3 Nd7 13. Bf4 Rc8 14. Rac1 Ne5 15. Bxe5 Bxe5 16. b3 e6 17. Kg2 Qh4 18. h3 Rc5 19. Ne2 Bb2 20. f4 Bxc1 21. Rxc1 Rh5 22.
Rd1 Rd8 23. Qg3 Qxg3+ 24. fxg3 Ra5 25. Nc3 Kf8 26. Kf3 Ke7 27. Rd2 f5 28. g4 fxe4+ 29.
Kxe4 g5 30. fxg5 Rxg5 31. Kf4 Re5 32. Nb5 a6 33. Nd4 Rf8+ 34. Kg3 Re3+ 35. Kh4 Rf6 36. b4 Rh6+ 37. Kg5 Rexh3 38. Re2 Rg6+ 39. Kf4 e5+ 40. Kf5 Rf6+ 41. Kg5 h6# 0-1

[Event "*** Titled Tuesday Blitz"]
[Site "Chess.com"]
[Date "2020.05.19"]
[Round "1"]
[White "SerGo055"]
[Black "TheBigBadChessDad"]
[Result "1-0"]
[WhiteElo "2562"]
[BlackElo "2264"]
[TimeControl "180+1"]
[EndTime "12:06:19 PDT"]
[Termination "SerGo055 won by resignation"]

1. d4 d5 2. Nf3 Nf6 3. c4 e6 4.
Nc3 Be7 5. Bg5 Nbd7 6. e3 h6 7. Bh4 O-O 8. Qc2 c5 9. Rd1 cxd4 10. Nxd4 Qa5 11. Nb3 Qc7 12. Bg3 Qd8 13. cxd5 Nxd5 14. Nxd5 exd5 15. Rxd5 Bb4+ 16. Nd2 Qe7 17. Be2 Nf6 18.
Rd4 Ne4 19. Qxe4 Bxd2+ 20. Kxd2 Qc5 21. Bd3 Qa5+ 22. Ke2 f5 23. Qd5+ Qxd5 24. Rxd5 Be6 25. Ra5 b6 26. Ra4 Rfc8 27. Be5 b5 28. Ra6 Bc4 29. Bxc4+ Rxc4 30. Rd1 Rc5 31. f4 1-0

[Event "*** Titled Tuesday Blitz"]
[Site "Chess.com"]
[Date "2020.05.19"]
[Round "1"]
[White "Vegan4future"]
[Black "praveenb2002"]
[Result "0-1"]
[WhiteElo "2387"]
[BlackElo "2728"]
[TimeControl "180+1"]
[EndTime "12:06:20 PDT"]
[Termination "praveenb2002 won by checkmate"]

1. e4 e5 2. Nf3 Nc6 3. Bb5 a6 4.
Ba4 Nf6 5. O-O b5 6. Bb3 Bc5 7. d3 O-O 8. a4 Bb7 9. a5 h6 10. Nc3 d6 11. Nd5 Nxd5 12. Bxd5 Nxa5 13. Rxa5 c6 14. Bxf7+ Rxf7 15. Ra1 a5 16. Be3 Qb6 17. Qd2 a4 18. c3 Bxe3 19. fxe3 Raf8 20. Nh4 Rxf1+ 21.
Rxf1 Rxf1+ 22. Kxf1 c5 23. Nf5 b4 24. cxb4 cxb4 25. Qc1 Kh7 26. Kf2 g6 27. Qc4 d5 28.
exd5 gxf5 29. d6 Kg7 30. Qe6 Qd8 31. Qxe5+ Qf6 32. Qb5 Qxb2+ 33. Ke1 Qc1+ 34. Ke2 Qc6 35. Qxb4 Qxg2+ 36. Ke1 Bf3 37. Qc3+ Kg6 38. Qd2 Qg1# 0-1

[Event "*** Titled Tuesday Blitz"]
[Site "Chess.com"]
[Date "2020.05.19"]
[Round "1"]
[White "swayamsm"]
[Black "MusicCityMaster"]
[Result "1-0"]
[WhiteElo "2661"]
[BlackElo "2351"]
[TimeControl "180+1"]
[EndTime "12:06:20 PDT"]
[Termination "swayamsm won by resignation"]

1. d4 d5 2. Nf3 Nf6 3. Bf4 e6 4. e3 Bd6 5. Bg3 O-O 6. Nbd2 c5 7. c3 Qe7 8. Bd3 Nbd7 9. Ne5 Rd8 10. Ndf3 Nf8 11.
Ng5 Bxe5 12. dxe5 N6d7 13. Qh5 h6 14. Nf3 c4 15. Bc2 b5 16. Bh4 f6 17. exf6 Nxf6 18.
Qe5 N8d7 19. Qg3 e5 20. O-O e4 21. Nd4 Ne5 22. f4 Nd3 23. Nc6 Qd6 24. Nxd8 Qxd8 25. f5 Qf8 26. b3 Bd7 27. bxc4 dxc4 28. a4 a6 29. axb5 Bxb5 30. Rfb1 Re8 31. Ba4 Re5 32.
Bxb5 axb5 33. Rf1 Qf7 34. Ra8+ Kh7 35. Rd8 Nd5 36. f6 g5 37. Qg4 Nc5 38. Qc8 gxh4 39.
Rh8+ Kg6 40. Qxc5 Rg5 41. Qd4 Qe6 42. f7 h3 43. f8=N+ Kh5 44. Nxe6 Rxg2+ 45. Kh1 1-0

[Event "*** Titled Tuesday Blitz"]
[Site "Chess.com"]
[Date "2020.05.19"]
[Round "1"]
[White "Thijs"]
[Black "Shield12"]
[Result "0-1"]
[WhiteElo "2418"]
[BlackElo "2814"]
[TimeControl "180+1"]
[EndTime "12:06:21 PDT"]
[Termination "Shield12 won by resignation"]

1. e4 c5 2. Nf3 Nc6 3. d4 cxd4 4. Nxd4 Nf6 5. Nc3 d6 6. Bg5 e6 7.
Qd2 a6 8. O-O-O Bd7 9. f4 b5 10. a3 Be7 11. Be2 Rc8 12. Nxc6 Bxc6 13. Bf3 h6 14.
Bxf6 Bxf6 15. Qxd6 Qxd6 16. Rxd6 Be7 17. Rd3 g5 18. g3 h5 19. e5 h4 20. Bxc6+ Rxc6 21. Rhd1 gxf4 22. gxf4 Rg8 23. Ne4 Rg2 24. c3 Rc4 25.
Nf6+ Bxf6 26. exf6 Rc8 27. f5 exf5 28. Rf1 Rxh2 29.
Rxf5 Kf8 30. Rd7 Re8 31. Rh5 Re1+ 32. Rd1 Rxd1+ 33. Kxd1 Ke8 34. Kc1 h3 35. Re5+ Kd8 36. Re7 Rf2 37. Rxf7 h2 0-1

[Event "*** Titled Tuesday Blitz"]
[Site "Chess.com"]
[Date "2020.05.19"]
[Round "1"]
[White "Manukyan_Artak"]
[Black "gilbert_gm"]
[Result "0-1"]
[WhiteElo "2298"]
[BlackElo "2596"]
[TimeControl "180+1"]
[EndTime "12:06:21 PDT"]
[Termination "gilbert_gm won by resignation"]

1. e4 c6 2. d4 d5 3. e5 Bf5 4. c4 e6 5. Nc3 Ne7 6. Nf3 dxc4 7. Bxc4 Nd7 8. Nh4 Nb6 9. Bb3 Bg6 10. Bg5 Qd7 11.
Bxe7 Bxe7 12. Nxg6 hxg6 13. O-O Rd8 14. Ne2 O-O 15. Qc2 Rc8 16. Rfd1 Rfd8 17. Rac1 Nd5 18. a3 Bg5 19. Rb1 b6 20. g3 c5 21. dxc5 Rxc5 22. Qe4 Qc7 23. h4 Be7 24. Rbc1 b5 25. Kh2 Qb6 26. Rxc5 Bxc5 27. f4 Ne3 28. Rxd8+ Qxd8 29. Qc6 Qd2 30. Qxb5 Qxb2 31. Kh3 Qxa3 32. h5 gxh5 33.
Qe8+ Bf8 34. Nd4 Qa1 0-1

[Event "*** Titled Tuesday Blitz"]
[Site "Chess.com"]
[Date "2020.05.19"]
[Round "1"]
[White "Funo09"]
[Black "stasiek18"]
[Result "1-0"]
[WhiteElo "2714"]
[BlackElo "2376"]
[TimeControl "180+1"]
[EndTime "12:06:22 PDT"]
[Termination "Funo09 won on time"]

1. e4 e6 2. d4 d5 3. Nc3 Nf6 4. Bg5 Be7 5. e5 Nfd7 6. h4 h6 7.
Bxe7 Qxe7 8. Qg4 O-O 9. Nf3 c5 10. O-O-O Nc6 11. dxc5 Qxc5 12. Qf4 f6 13. exf6 Rxf6 14.
Qd2 Rb8 15. Bb5 a6 16. Ba4 b5 17. Bb3 Nb6 18. Rhe1 Nc4 19. Qe2 a5 20. a4 bxa4 21.
Nxa4 Qb4 22. Nd4 Nxd4 23. Rxd4 Bd7 24. Nc3 Bc6 25. f3 a4 26. Bxc4 Qxb2+ 27. Kd2 dxc4 28. Rb1 Qxb1 29. Nxb1 Rxb1 30. Rxc4 Bd5 31. Rxa4 Rf8 32. Rd4 Rc8 33. Qa6 Ra8 34. Qd6 Raa1 35. Ke3 Re1+ 36. Kf2 Rf1+ 37. Kg3 Rac1 38. c4 Bxc4 39. Rxc4 1-0

[Event "*** Titled Tuesday Blitz"]
[Site "Chess.com"]
[Date "2020.05.19"]
[Round "1"]
[White "Lubov_Gordyk"]
[Black "Kopytkin"]
[Result "1-0"]
[WhiteElo "2649"]
[BlackElo "2345"]
[TimeControl "180+1"]
[EndTime "12:06:22 PDT"]
[Termination "Lubov_Gordyk won by resignation"]

1. e4 Nf6 2. Nc3 d5 3. e5 Ne4 4. Bd3 Nc5 5. Bb5+ c6 6. d4 cxb5 7. dxc5 d4 8. Nce2 Nc6 9. Nf3 Bg4 10. Nexd4 Nxe5 11. O-O Bxf3 12. Nxf3 Qxd1 13. Rxd1 Nxf3+ 14. gxf3 b4 15. a3 bxa3 16. Rxa3 e6 17. b4 a6 18. Be3 Rc8 19. Rad3 Be7 20. Rd7 Rd8 21. Rxd8+ Bxd8 22. c4 Bc7 23. b5 axb5 24. cxb5 Ke7 25.
Ra1 Rb8 26. Ra7 Kd7 27. c6+ Kc8 28. b6 Bd6 29. c7 Bxc7 30. bxc7 Kxc7 31. Bf4+ 1-0

[Event "*** Titled Tuesday Blitz"]
[Site "Chess.com"]
[Date "2020.05.19"]
[Round "1"]
[White "spidernv"]
[Black "BilodeauA"]
[Result "0-1"]
[WhiteElo "2439"]
[BlackElo "2857"]
[TimeControl "180+1"]
[EndTime "12:06:24 PDT"]
[Termination "BilodeauA won by resignation"]

1. e4 e5 2. Nc3 Nf6 3. g3 d5 4. exd5 Nxd5 5. Bg2 Nxc3 6. bxc3 Nc6 7. Ne2 Bd6 8. O-O O-O 9. d4 Qf6 10. Re1 Bf5 11. d5 Ne7 12. c4 Qg6 13. Be3 Bxc2 14. Qc1 b6 15. f4 Be4 16. fxe5 Bxe5 17. Nf4 Bxf4 18. Bxf4 Bxg2 19. Kxg2 Nf5 20. Bxc7 Rac8 21. Qf4 Nd4 22. Rac1 Qd3 23. d6 Ne6 24. Rxe6 fxe6 25.
Qg5 Qe2+ 26. Kg1 Rf2 27. Qh4 Rg2+ 28. Kh1 Rf2 29. d7 Qf3+ 0-1

[Event "*** Titled Tuesday Blitz"]
[Site "Chess.com"]
[Date "2020.05.19"]
[Round "1"]
[White "Zmof"]
[Black "GoltsevDmitry2000"]
[Result "0-1"]
[WhiteElo "2260"]
[BlackElo "2559"]
[TimeControl "180+1"]
[EndTime "12:06:25 PDT"]
[Termination "GoltsevDmitry2000 won by resignation"]

1. e4 c5 2. Nf3 e6 3. c3 Nc6 4.
d4 cxd4 5. cxd4 d5 6. e5 Nge7 7.
Nc3 Nf5 8. Bd3 Nfxd4 9. Nxd4 Nxd4 10. O-O Nc6 11. f4 Bc5+ 12. Kh1 a6 13. a3 g6 14. b4 Be7 15. Bb2 h5 16. Ne2 Bd7 17. Rc1 Rc8 18. Qd2 Na7 19. Nd4 Nc6 20.
Nb3 Qb6 21. Nc5 Na7 22. Bd4 Nc6 23. Bg1 Qc7 24. a4 O-O 25. g4 hxg4 26. Qg2 d4 27.
Qxg4 Kg7 28. Ne4 Rh8 29. Bxd4 Qd8 30. Ba1 Nxb4 31. Bb1 Rxc1 32. Rxc1 Bc6 33. f5 exf5 34. e6+ f6 35. Qg2 fxe4 36. Rg1 e3 37. Be4 Bxe4 38.
Qxe4 Qd5 39. Rxg6+ Kf8 0-1

[Event "*** Titled Tuesday Blitz"]
[Site "Chess.com"]
[Date "2020.05.19"]
[Round "1"]
[White "korbul"]
[Black "Bigfish1995"]
[Result "0-1"]
[WhiteElo "2458"]
[BlackElo "2983"]
[TimeControl "180+1"]
[EndTime "12:06:26 PDT"]
[Termination "Bigfish1995 won by resignation"]

1. d4 Nf6 2. c4 e6 3. Nf3 b6 4. g3 Ba6 5. Nbd2 Bb7 6. Bg2 Be7 7. O-O O-O 8. Qc2 d5 9. cxd5 exd5 10. b3 a5 11. a3 c6 12. Bb2 Na6 13. Ne5 Rc8 14.
Rac1 Bd6 15. Qb1 Qe7 16. Qa1 Rc7 17. Rfe1 c5 18. dxc5 Nxc5 19. Nd3 Ncd7 20. Rxc7 Bxc7 21. b4 Re8 22. bxa5 bxa5 23. a4 Bd6 24. Nb3 Ba6 25. Qd1 Nb6 26. Nxa5 Nc4 27. Nc6 Qb7 28. Bxf6 Qxc6 29.
Bd4 Na3 30. Qd2 Qc2 31. Qg5 Bf8 32. Nf4 Qd2 33. Rf1 Qxd4 34. Bxd5 Re5 35. Qd8 Qa7 36. Bf3 Nc4 37. Nd5 Nd6 38. Ne3 Re8 39. Qg5 Bb7 40. Ng4 Kh8 41. Bxb7 Qxb7 42. Ne5 f6 0-1